 Dungeon Crawl Stone Soup version 0.25.1-2-g60ff931df9 (webtiles) character file.

Game seed: 3015209845791248171

794797 eskel the Ruinous (level 27, -22/179 HPs)
             Began as a Deep Elf Fire Elementalist on Aug 24, 2020.
             Was the Champion of Vehumet.
             Annihilated by an Orb Guardian (39 damage)
             ... on level 5 of the Realm of Zot on Sept 13, 2020.
             The game lasted 10:51:26 (82990 turns).

eskel the Ruinous (Deep Elf Fire Elementalist)     Turns: 82990, Time: 10:51:27

Health: -22/179    AC: 18    Str:  7    XL:     27
Magic:  33/46      EV: 35    Int: 32    God:    Vehumet [******]
Gold:   5531       SH:  0    Dex: 13    Spells: 0/60 levels left

rFire    + + .     SeeInvis .   (weapon currently unavailable)
rCold    + + .     Gourm    .   (shield currently unavailable)
rNeg     + + +     Faith    .   (armour currently unavailable)
rPois    ∞         Spirit   .   (helmet currently unavailable)
rElec    +         Reflect  .   (cloak currently unavailable)
rCorr    +         Harm     .   (gloves currently unavailable)
MR       ++...                  (boots currently unavailable)
Stlth    +++.......             (amulet currently unavailable)
HPRegen  0.79/turn              (ring currently unavailable)
MPRegen  0.30/turn              (ring currently unavailable)

@: about to teleport, wisp-form, flying, hasted, very quick
A: tiny, clumsy 1, sense surroundings 1, regeneration 1, screaming 1
}: 5/15 runes: decaying, slimy, silver, iron, gossamer
a: Renounce Religion


You were on level 5 of the Realm of Zot.
You worshipped Vehumet.
Vehumet was exalted by your worship.
You were not hungry.
You were an insubstantial wisp.
You visited 13 branches of the dungeon, and saw 63 of its levels.
You visited the Abyss 1 time.
You also visited: Wizlab.

You collected 8019 gold pieces.
You spent 2488 gold pieces at shops.

Inventory:

Hand Weapons
 q - the +6 dagger of Suqetzee {elec, +Rage Str+7}
   (You found it on level 3 of the Spider Nest)

   Occasionally, upon striking a foe, it will discharge some electrical energy
   and cause terrible harm.
   It affects your strength (+7).
   It lets you go berserk.
 V - the +5 dagger of the Howling Dove {flame, rF+ MP+9 Dex-2}
   (You found it on level 2 of the Iron City of Dis)

   It has been specially enchanted to burn those struck by it, causing extra
   injury to most foes and up to half again as much damage against particularly
   susceptible opponents.
   It affects your dexterity (-2).
   It protects you from fire.
   It affects your magic capacity (+9).
Armour
 d - the +3 hat of Pondering (melded) {ponderous, MR+ MP+10 Int+5}
   (You found it on level 3 of the Elven Halls)

   It affects your intelligence (+5).
   It affects your resistance to hostile enchantments.
   It affects your magic capacity (+10).
 m - a +3 buckler of fire resistance (melded)
 B - a scarf of resistance (melded)
 H - the +4 leather armour "Wog Miaw" (melded) {Str+4 Int+4 Dex+3}
   (You found it on level 1 of the Swamp)

   It affects your strength (+4).
   It affects your intelligence (+4).
   It affects your dexterity (+3).
 O - the +4 faerie dragon scales {rC+ rCorr}
   (You took it off the Enchantress on level 3 of the Depths)

   It protects you from cold.
   It provides partial protection from all sources of acid and corrosion.
 W - a +2 pair of gloves (melded)
 Z - a +2 pair of boots (melded)
Magical Staves
 a - an uncursed staff of conjuration (melded)
 b - an uncursed staff of energy
Jewellery
 h - the ring of Phasing {EV+8}
   (You found it on level 5 of the Pits of Slime)

   [ring of evasion]

   It affects your evasion (+8).
 n - the ring "Trusted Companion" {Dex+7 SInv}
   (You took it off a yaktaur on level 5 of the Vaults)

   [ring of see invisible]

   It affects your dexterity (+7).
   It lets you see invisible.
 u - the ring "Irici Zausu" (melded) {*Corrode MP+9 Dex+7}
   (You bought it in a shop on level 1 of the Orcish Mines)

   [ring of magical power]

   It affects your dexterity (+7).
   It affects your magic capacity (+9).
   It may corrode you when you take damage.
 I - the ring "Saupuikh" (melded) {rPois rN+ MR++ Str+2}
   (You acquired it on level 1 of the Lair of Beasts)

   [ring of positive energy]

   It affects your strength (+2).
   It protects you from poison.
   It protects you from negative energy.
   It affects your resistance to hostile enchantments.
 K - the amulet of Finality (melded) {RegenMP Stlth+}
   (You found it on level 5 of the Pits of Slime)

   [amulet of magic regeneration]

   It increases your magic regeneration.
   It makes you more stealthy.
Wands
 f - a wand of clouds (14)
 i - a wand of digging (23)
 r - a wand of paralysis (17)
 L - a wand of iceblast (10)
 M - a wand of acid (10)
 R - a wand of enslavement (11)
Scrolls
 l - 16 scrolls of teleportation
 p - a scroll of brand weapon
 s - 4 scrolls of holy word
 t - 4 scrolls of silence
 v - 6 scrolls of summoning
 w - 9 scrolls of fog
 x - 5 scrolls of magic mapping
 y - 15 scrolls of remove curse
 A - 7 scrolls of fear
 C - 5 scrolls of amnesia
 E - 7 scrolls of blinking
 F - 4 scrolls of identify
 Y - 5 scrolls of enchant armour
Potions
 e - 21 potions of curing
 g - 4 potions of mutation
 j - 2 potions of resistance
 z - 5 potions of brilliance
 G - 2 potions of cancellation
 J - 3 potions of invisibility
 N - 7 potions of haste
 P - a potion of ambrosia
 Q - a potion of stabbing
 T - 5 potions of heal wounds
 U - 5 potions of flight
 X - a potion of magic
Miscellaneous
 k - a lightning rod (4/4)
 D - a box of beasts
 S - 5 phantom mirrors
Comestibles
 c - 42 rations


   Skills:
 - Level 20.2 Fighting
 - Level 15.0 Armour
 - Level 20.0 Dodging
 - Level 7.0 Stealth
 - Level 5.0 Shields
 - Level 17.0 Spellcasting
 + Level 25.2 Conjurations
 - Level 5.0 Transmutations
 + Level 25.1 Fire Magic
 - Level 24.0 Earth Magic
 - Level 10.0 Evocations


You couldn't memorise any spells.
You knew the following spells:

 Your Spells              Type           Power        Failure   Level  Hunger
a - Fire Storm            Conj/Fire      ########..   1%          9    #######
b - Starburst             Conj/Fire      ########..   0%          6    #......
c - Ignition              Fire           ########..   1%          8    ######.
e - Fireball              Conj/Fire      ########..   0%          5    None
f - Irradiate             Conj/Tmut      #######...   1%          5    None
g - Statue Form           Tmut/Erth      #######..    1%          6    #......
h - Iron Shot             Conj/Erth      ########..   0%          6    #......
i - Lee's Rapid Deconstr  Erth           ########..   0%          5    None
j - Shatter               Erth           ########..   2%          9    #######
k - Apportation           Tloc           ####..       1%          1    None

Your spell library contained the following spells:

 Spells                   Type           Power        Failure   Level  Hunger
 Tornado                  Air            ####......   100%        9    #######
 Foxfire                  Conj/Fire      ####         0%          1    None
 Magic Dart               Conj           ####         0%          1    None
 Sandblast                Erth           ######       0%          1    None
 Shock                    Conj/Air       ####         0%          1    None
 Passwall                 Tmut/Erth      #######.     0%          2    None
 Searing Ray              Conj           ######       0%          2    None
 Conjure Flame            Conj/Fire      ########     0%          3    None
 Stone Arrow              Conj/Erth      ######       0%          3    None
 Sticky Flame             Conj/Fire      ########     0%          4    None
 Animate Skeleton         Necr           N/A          1%          1    None
 Beastly Appendage        Tmut           ######       1%          1    None
 Corona                   Hex            ####...      1%          1    None
 Pain                     Necr           ####         1%          1    None
 Sting                    Tmut/Pois      ####         1%          1    None
 Summon Butterflies       Summ           ####....     1%          1    None
 Summon Small Mammal      Summ           ####         1%          1    None
 Sticks to Snakes         Tmut           ######..     1%          2    None
 Dazzling Flash           Conj/Hex       ######       1%          3    None
 Ignite Poison            Fire/Tmut/Pois #######.     1%          3    None
 Inner Flame              Hex/Fire       #######.     1%          3    None
 Mephitic Cloud           Conj/Pois/Air  ######..     1%          3    None
 Spider Form              Tmut/Pois      #####.....   1%          3    None
 Static Discharge         Conj/Air       #######.     1%          3    None
 Fulminant Prism          Conj/Hex       #######...   1%          4    None
 Iskenderun's Mystic Bla  Conj/Tloc      #######.     1%          4    None
 Leda's Liquefaction      Hex/Erth       #######...   1%          4    None
 Petrify                  Tmut/Erth      #######.     1%          4    None
 Borgnjor's Vile Clutch   Necr/Erth      #######...   1%          5    None
 Lightning Bolt           Conj/Air       #######...   1%          5    None
 Spellforged Servitor     Conj/Summ      #######...   1%          7    ####...
 Lehudib's Crystal Spear  Conj/Erth      ########..   1%          8    ######.
 Blink                    Tloc           N/A          2%          2    None
 Call Imp                 Summ           ####....     2%          2    None
 Corpse Rot               Necr/Air       N/A          2%          2    None
 Ensorcelled Hibernation  Hex/Ice        ####..       2%          2    None
 Poisonous Vapours        Pois/Air       ####..       2%          2    None
 Slow                     Hex            ####....     2%          2    None
 Sublimation of Blood     Necr           ####......   2%          2    None
 Swiftness                Chrm/Air       ####....     2%          2    None
 Freezing Cloud           Conj/Ice/Air   ######....   2%          6    #......
 Call Canine Familiar     Summ           ####....     4%          3    None
 Confusing Touch          Hex            ####....     4%          3    None
 Gell's Gravitas          Tloc           ####......   4%          3    None
 Lesser Beckoning         Tloc           ####......   4%          3    None
 Portal Projectile        Hex/Tloc       ####..       4%          3    None
 Recall                   Summ/Tloc      N/A          4%          3    None
 Summon Guardian Golem    Hex/Summ       ####....     4%          3    None
 Tukima's Dance           Hex            ####....     4%          3    None
 Vampiric Draining        Necr           ####......   4%          3    None
 Airstrike                Air            ####......   4%          4    None
 Yara's Violent Unravell  Hex/Tmut       #####.....   4%          5    None
 Ice Form                 Ice/Tmut       #####...     5%          4    None
 Blade Hands              Tmut           ######....   5%          5    None
 Ring of Flames           Chrm/Fire      #######...   8%          7    ####...
 Animate Dead             Necr           N/A          14%         4    None
 Cause Fear               Hex            ####......   14%         4    None
 Dispel Undead            Necr           ####....     14%         4    None
 Passage of Golubria      Tloc           N/A          14%         4    None
 Summon Ice Beast         Ice/Summ       ####....     14%         4    None
 Summon Lightning Spire   Summ/Air       ####....     14%         4    None
 Alistair's Intoxication  Tmut/Pois      #####...     14%         5    None
 Chain Lightning          Conj/Air       #######...   16%         8    ######.
 Hydra Form               Tmut           ######....   28%         6    #......
 Agony                    Necr           ####....     38%         5    None
 Aura of Abjuration       Summ           ####......   38%         5    None
 Excruciating Wounds      Chrm/Necr      ####......   38%         5    None
 Metabolic Englaciation   Hex/Ice        ####......   38%         5    None
 Silence                  Hex/Air        ####......   38%         5    None
 Summon Demon             Summ           ####......   38%         5    None
 Summon Forest            Summ/Tloc      ####......   38%         5    None
 Summon Mana Viper        Hex/Summ       ####....     38%         5    None
 Ozocubu's Refrigeration  Ice            ####......   47%         6    #......
 Eringya's Noxious Bog    Tmut/Pois      #####.....   63%         6    #......
 Dragon Form              Tmut           ######....   85%         7    ####...
 Darkness                 Hex            ####......   92%         6    #......
 Death Channel            Necr           ####......   92%         6    #......
 Dispersal                Tloc           ####......   92%         6    #......
 Invisibility             Hex            ####....     92%         6    #......
 Shadow Creatures         Summ           N/A          92%         6    #......
 Simulacrum               Ice/Necr       ####......   92%         6    #......
 Malign Gateway           Summ/Tloc      ####......   100%        7    ####...
 Summon Hydra             Summ           ####......   100%        7    ####...
 Controlled Blink         Tloc           N/A          100%        8    ######.
 Discord                  Hex            ####......   100%        8    ######.
 Disjunction              Tloc           ####......   100%        8    ######.
 Absolute Zero            Ice            ####......   100%        9    #######
 Dragon's Call            Summ           ####......   100%        9    #######


Dungeon Overview and Level Annotations

Branches:
Dungeon (15/15)            Temple (1/1) D:4            Lair (6/6) D:10
  Swamp (4/4) Lair:4       Spider (4/4) Lair:4        Slime (5/5) Lair:5
    Orc (2/2) D:11            Elf (3/3) Orc:2        Vaults (5/5) D:14
  Crypt (0/3) Vaults:2     Depths (5/5) D:15           Hell (visited)
    Dis (7/7) Hell            Geh (0/7) Hell            Coc (0/7) Hell
    Tar (0/7) Hell            Zot (5/5) Depths:5     WizLab (visited)

Altars:
Ashenzari
Dithmenos
Elyvilon
Hepliaklqana
Kikubaaqudgha
Nemelex Xobeh
Okawaru
Ru
Sif Muna
Uskayaw
Vehumet
Wu Jian
Xom
Yredelemnul
Zin

Shops:
D:5 *   D:8 (   D:11 *   Orc:1 ?(=(   Orc:2 }%(*=[(   Elf:2 *}**   Vaults:2 ?
Depths:3 %   Depths:5 }}=

Portals:
Hell: Depths:1 Depths:2 Depths:3 Depths:4 Depths:5
Abyss: Depths:2 Depths:4
Pandemonium: Depths:1 Depths:3 Depths:4 Depths:5
Ziggurat: Depths:5

Annotations:
D:4 Eustachio
Spider:1 1 runed translucent door, Farlane's ghost, journeyman DDBe
Dis:4 7 runed doors
Dis:7 Dispater


Innate Abilities, Weirdness & Mutations

((You have a pair of antennae on your head.))
((You have large cloven feet.))
You are clumsy. (Dex -2)
You passively map a small area around you.
Your natural rate of healing is unusually fast.
You occasionally shout uncontrollably at your foes.


Message History

Your blink will be uncontrolled - continue anyway?
The Orb prevents control of your translocation!
You blink.
As you read the scroll of blinking, it crumbles to dust.
The Orb Guardian hits you!
* * * LOW HITPOINT WARNING * * *
Your blink will be uncontrolled - continue anyway?
The Orb prevents control of your translocation!
You blink.
As you read the scroll of blinking, it crumbles to dust.
The golden dragon breathes cold at you. The bolt of cold misses you.
The Orb Guardian completely misses you.
Evoke which item? (* to show all) (? for menu, Esc to quit)
Okay, then.
Okay, then.
As you read the scroll of teleportation, it crumbles to dust.
You feel strangely unstable.
You feel the Orb delaying your translocation!
The Orb Guardian hits you!!!
You die...

,,,,,,,,** #...............#
***######▓▓▓▓##.#####.########▓▓
#......⌠.........X..##.##.#.##
#.............#.#D.###.##.....
#..........[.##..X#.##.#####.#
###..^.......#*..##..#.# #.#
#..........y#.## ..#.#####.#
#..≈≈≈≈≈≈..#..######.##.....
#..≈###≈)..v............##.#
#.)≈# #≈§XX.#....###.##.##.#
#..≈###≈≈..##.#### #.##.##.#
######..≈≈≈≈≈≈§.##.# #.......#
.......)........##+#***######...#
##########'###.....,,,,#≈≈≈≈≈...≈
####.###......,,,#≈###≈...≈
#......+........⌠#≈##≈≈...≈
#####.##........,#≈#≈≈.....


You could see a golden dragon (catching breath) and 4 Orb Guardians.

Vanquished Creatures
  Dissolution (Slime:2)
  the Royal Jelly (Slime:5)
  6 orbs of fire
  3 ancient liches (Zot:5)
  A juggernaut (Depths:4)
  Frederick (Depths:3)
  8 Killer Klowns
  Saint Roka (Vaults:2)
  A curse toe (Zot:5)
  2 caustic shrikes
  Geryon (Hell)
  7 golden dragons
  Nikola (Elf:3)
  the Enchantress (Depths:3)
  2 bone dragons
  2 electric golems (Zot:5)
  2 Brimstone Fiends (Dis:7)
  5 iron giants
  Jorgrun (D:14)
  A Tzitzimitl (Dis:2)
  4 Ice Fiends
  18 Orb Guardians (Zot:5)
  19 tentacled monstrosities
  5 Hell Sentinels (Dis:7)
  4 titans
  8 liches
  2 deep elf blademasters (Elf:3)
  2 deep elf master archers (Elf:3)
  14 ancient champions
  19 acid blobs
  6 Executioners
  Murray (Hell)
  8 quicksilver dragons
  3 sphinxes
  Kirke (Swamp:1)
  3 thorn hunters
  4 death cobs
  5 shadow dragons
  6 tengu reavers
  9 storm dragons
  16 azure jellies
  Roxanne (Swamp:4)
  5 draconian monks
  9 frost giants
  2 draconian knights
  A draconian shifter (Depths:5)
  10 fire giants
  10 deep elf sorcerers
  6 balrugs
  6 emperor scorpions (Spider:4)
  20 vault wardens
  An orc warlord (Orc:1)
  5 draconian scorchers
  A caustic shrike zombie (Hell)
  Aizul (Vaults:3)
  3 cacodemons
  A juggernaut zombie (Depths:3)
  6 ghost moths
  10 iron dragons
  A draconian stormcaller (Zot:1)
  7 deep elf elementalists
  A ghoul (Vaults:5)
  5 draconian annihilators
  7 spriggan defenders
  16 war gargoyles
  30 stone giants
  6 vampire knights
  15 very ugly things
  32 reapers
  18 ironheart preservers
  A juggernaut skeleton (Depths:3)
  4 entropy weavers
  13 green draconians
  11 deep elf demonologists
  A blood saint (WizLab)
  6 lorocyprocas
  11 black draconians
  14 deep elf annihilators
  17 purple draconians
  11 yellow draconians
  9 white draconians
  10 spark wasps
  2 blizzard demons
  6 deep elf death magi
  Josephine (D:10)
  15 ettins
  12 red draconians
  11 ogre magi
  9 death oozes
  3 green deaths
  3 deep elf high priests
  18 fire dragons
  4 quicksilver dragon zombies
  24 yaktaur captains
  14 great orbs of eyes
  Harold (D:7)
  35 vault guards
  15 ice dragons
  5 spriggan air magi
  18 hydras
  3 ghost crabs
  8 rakshasas
  3 catoblepae
  2 shambling mangroves (Swamp:4)
  5 death knights
  5 centaur warriors
  11 dancing weapons
  6 vampire magi
  9 tengu warriors
  4 alligators
  23 two-headed ogres
  10 deep troll shamans
  2 titan zombies
  18 death yaks
  12 deep troll earth magi
  10 spriggan berserkers
  2 iron golems (Dis:2)
  18 hell knights
  10 hell hogs
  A shock serpent (shapeshifter) (Elf:3)
  4 orc high priests
  2 storm dragon zombies
  Nergalle (D:10)
  Sonja (D:11)
  9 soul eaters
  11 sun demons
  4 wretched stars (Abyss:1)
  6 iron trolls
  A spark wasp zombie (Depths:1)
  A shadow wraith (Vaults:2)
  20 deep elf knights
  6 large abominations (Abyss:1)
  2 sixfirhies
  A fire crab (shapeshifter) (Depths:2)
  A salamander mystic (Depths:2)
  An infernal demonspawn (Depths:4)
  A death drake (shapeshifter) (D:14)
  A torturous demonspawn (Depths:4)
  2 unseen horrors
  63 skeletal warriors
  A spriggan druid (Swamp:4)
  36 deep trolls
  An anaconda zombie (Dis:7)
  3 glowing orange brains
  3 shadow demons
  6 golden dragon zombies
  9 wizards
  16 ironbrand convokers
  2 unseen horrors (shapeshifter)
  6 swamp dragons
  An anaconda skeleton (Hell)
  10 flayed ghosts
  10 phantasmal warriors
  7 tengu zombies
  11 necromancers
  A shadow dragon zombie (Dis:6)
  74 ugly things
  13 orc knights
  A wolf spider zombie (Dis:3)
  28 deep elf archers
  4 harpies (Vaults:4)
  An iron dragon zombie (Dis:6)
  An orb spider (shapeshifter) (Vaults:4)
  7 orc sorcerers
  2 wolf spiders (shapeshifter)
  26 orb spiders
  8 cyclopes
  2 manticores
  39 wolf spiders
  31 moths of wrath
  3 salamanders (shapeshifter)
  69 deep elf magi
  3 oklob plants (Lair:4)
  3 salamanders (Depths:2)
  6 shining eyes
  6 frost giant zombies
  2 stone giant zombies (Dis:7)
  A cyclops (shapeshifter) (Depths:2)
  A dire elephant zombie (Dis:7)
  4 fire giant zombies
  Maurice (Orc:1)
  7 elephants
  7 black mambas
  Grum (D:9)
  A black mamba (shapeshifter) (Elf:1)
  4 molten gargoyles (Elf:1)
  15 vault sentinels
  48 rust devils
  A frost giant skeleton (Hell)
  A stone giant skeleton (Hell)
  4 eyes of devastation
  5 orange demons
  6 smoke demons
  3 gargoyles
  2 emperor scorpion zombies
  16 spiny frogs
  2 torpor snails
  A shock serpent skeleton (Hell)
  4 spriggan zombies
  2 rime drakes
  A minotaur zombie (Dis:6)
  8 hellions
  3 spiny frogs (shapeshifter)
  7 komodo dragons
  14 freezing wraiths
  Maggie (D:7)
  A yaktaur zombie (Hell)
  A hellwing (Depths:4)
  16 ice devils
  66 yaktaurs
  A catoblepas zombie (Dis:4)
  4 tengu conjurers
  2 efreet
  16 demonic crawlers
  26 tormentors
  14 red devils
  2 polar bears (D:12)
  An ancient zyme (Abyss:1)
  48 jumping spiders
  A harpy zombie (Dis:6)
  5 hydra zombies
  A queen bee (shapeshifter) (Vaults:1)
  A wind drake (shapeshifter) (D:14)
  20 hornets
  3 raiju (Abyss:1)
  3 trolls
  10 tyrant leeches
  A troll (shapeshifter) (Vaults:5)
  A fire dragon zombie (Hell)
  165 slime creatures
  A dream sheep (shapeshifter) (Vaults:5)
  20 blink frogs
  9 bog bodies
  2 hydra skeletons
  An ice dragon zombie (Dis:7)
  A slime creature (shapeshifter) (Vaults:5)
  4 hippogriffs
  5 ettin zombies
  A black mamba zombie (Dis:4)
  6 flying skulls (Dis:2)
  7 shadows
  A spriggan skeleton (Depths:1)
  2 air elementals (Elf:2)
  73 redbacks
  46 tarantellas
  A yak (shapeshifter) (Depths:3)
  10 spriggans
  2 ynoxinuls
  6 hogs (Swamp:1)
  24 wraiths
  2 hogs (shapeshifter)
  16 water elementals
  71 yaks
  A golden eye (shapeshifter) (Vaults:5)
  4 humans (shapeshifter)
  6 wyverns
  2 steam dragons
  A small abomination (Abyss:1)
  8 golden eyes
  2 basilisks (Lair:2)
  10 fire elementals
  5 neqoxecs
  4 chaos spawn
  4 vampire mosquitoes
  3 hungry ghosts
  15 swamp worms
  15 wargs
  3 acid dragons
  2 human zombies
  4 insubstantial wisps (Swamp:3)
  A soldier ant (shapeshifter) (Depths:2)
  14 water moccasins
  A soldier ant (D:14)
  28 hell hounds
  8 porcupines
  A spiny frog zombie (Hell)
  31 orc warriors
  5 eyes of draining
  18 swamp drakes
  3 black bears
  2 manticore zombies (Dis:7)
  6 phantoms
  A necrophage (Dis:3)
  A spiny frog skeleton (Hell)
  2 ice beasts
  2 sky beasts
  20 wolves
  A black bear (shapeshifter) (Depths:4)
  34 ogres
  2 manticore skeletons
  A snapping turtle zombie (Dis:6)
  3 boggarts (Vaults:3)
  11 crocodiles
  12 centaurs
  Blork the orc (D:4)
  2 big kobolds
  A wyvern zombie (D:12)
  24 bullfrogs
  An elf zombie (Dis:7)
  A gnoll sergeant (D:7)
  A glowing shapeshifter simulacrum (Depths:1)
  5 earth elementals
  A spiny frog simulacrum (Hell)
  3 wyvern skeletons
  A hornet simulacrum (D:15)
  3 scorpions
  3 killer bees (D:11)
  A troll zombie (Dis:2)
  19 wights
  2 howler monkeys
  4 centaur zombies
  3 electric eels
  2 lava snakes (Elf:1)
  12 crimson imps
  4 quasits
  5 hounds
  A jelly (D:13)
  4 bullfrog zombies
  4 bullfrog skeletons
  17 orc priests
  2 centaur skeletons
  47 iron imps
  3 iguanas
  Ijyb (D:5)
  22 orc wizards
  6 hell rats (Hell)
  13 worker ants
  A hound skeleton (D:7)
  5 mummies
  2 worker ant zombies
  9 gnolls
  A river rat (Lair:5)
  13 adders
  7 shadow imps
  2 white imps
  An ufetubus (Depths:1)
  An ooze (D:6)
  An adder skeleton (D:5)
  3 worms
  A dart slug (D:4)
  6 leopard geckos
  64 orcs
  10 giant cockroaches
  4 goblins
  3 hobgoblins
  11 jackals
  3 quokkas
  3 ball pythons
  A ball python skeleton (D:5)
  5 bats
  3 frilled lizards
  19 kobolds
  A kobold zombie (Dis:4)
  A leopard gecko skeleton (D:5)
  A leopard gecko zombie (D:5)
  A quokka zombie (D:5)
  4 rats
  A butterfly (Lair:3)
  A fungus (Lair:6)
  17 plants
3110 creatures vanquished.

Vanquished Creatures (collateral kills)
  A Hellbinder (WizLab)
  A balrug (WizLab)
  A purple draconian (Zot:1)
  2 dancing weapons (Dis:7)
  2 wolves (D:9)
7 creatures vanquished.

Vanquished Creatures (others)
  A draconian monk (Zot:5)
  A ghost moth (Zot:3)
  A draconian shifter (Zot:1)
  A black draconian (Zot:1)
  An alligator (Swamp:3)
  A dire elephant zombie (Dis:7)
  A tormentor (Depths:1)
  An ancient zyme (Abyss:1)
  A redback (Spider:1)
  An ogre (Vaults:5)
  A bush (Lair:6)
  3 fire vortices (Zot:5)
  2796 foxfires
  8 fungi
  15 plants
2833 creatures vanquished.

Grand Total: 5950 creatures vanquished

Notes
Turn   | Place    | Note
-------+----------+-------------------------------------------
     0 | D:1      | eskel the Deep Elf Fire Elementalist began the quest for
                  | the Orb.
     0 | D:1      | Reached XP level 1. HP: 10/10 MP: 6/6
   472 | D:1      | Reached XP level 2. HP: 15/15 MP: 2/8
  1283 | D:2      | Found a faded altar of an unknown god.
  1507 | D:2      | Reached XP level 3. HP: 19/19 MP: 7/9
  1580 | D:2      | Learned a level 3 spell: Conjure Flame
  1704 | D:2      | Found a glowing silver altar of Zin.
  1843 | D:3      | Reached XP level 4. HP: 24/24 MP: 7/10
  2568 | D:3      | Reached skill level 5 in Fire Magic
  2570 | D:3      | Reached XP level 5. HP: 7/28 MP: 5/11
  3026 | D:4      | Noticed a phantom
  3037 | D:4      | Killed a phantom
  3135 | D:4      | Noticed an ogre
  3146 | D:4      | Killed an ogre
  3146 | D:4      | Reached XP level 6. HP: 32/32 MP: 9/12
  3160 | D:4      | Reached skill level 5 in Conjurations
  3257 | D:4      | Found a staircase to the Ecumenical Temple.
  3265 | Temple   | Entered the Ecumenical Temple
  3303 | Temple   | Became a worshipper of Vehumet
  3397 | D:4      | Noticed Eustachio
  3712 | D:4      | Learned a level 1 spell: Magic Dart
  3724 | D:4      | Noticed Blork the orc
  3732 | D:4      | Killed Blork the orc
  3838 | D:4      | Noticed an ice beast
  3856 | D:4      | Killed an ice beast
  3856 | D:4      | Reached XP level 7. HP: 36/36 MP: 8/15
  4334 | D:4      | Learned a level 4 spell: Sticky Flame
  4348 | D:4      | Reached skill level 5 in Spellcasting
  4402 | D:5      | Entered Level 5 of the Dungeon
  4442 | D:5      | Found an ornate altar of the Wu Jian Council.
  4830 | D:5      | Reached * piety under Vehumet
  4830 | D:5      | Offered knowledge of Freeze by Vehumet.
  5065 | D:5      | Found an iron altar of Okawaru.
  5101 | D:5      | Found Noxtirir's General Store.
  5106 | D:5      | Noticed Ijyb
  5121 | D:5      | Killed Ijyb
  5121 | D:5      | Reached XP level 8. HP: 37/41 MP: 12/17
  5176 | D:5      | Bought a scroll of vulnerability for 82 gold pieces
  5176 | D:5      | Bought a scroll of silence for 82 gold pieces
  5762 | D:6      | Found a sparkling altar of Nemelex Xobeh.
  5800 | D:6      | Found a sacrificial altar of Ru.
  5875 | D:6      | Reached skill level 5 in Dodging
  6355 | D:7      | Noticed Harold
  6422 | D:7      | Noticed a two-headed ogre
  6446 | D:7      | Killed a two-headed ogre
  6446 | D:7      | Offered knowledge of Shock by Vehumet.
  6446 | D:7      | Reached XP level 9. HP: 45/45 MP: 9/18
  6459 | D:7      | Reached ** piety under Vehumet
  6472 | D:7      | Learned a level 5 spell: Fireball
  6810 | D:7      | Reached skill level 1 in Fighting
  7036 | D:7      | Found a basalt altar of Yredelemnul.
  7226 | D:7      | Killed Harold
  7226 | D:7      | Reached skill level 5 in Fighting
  7277 | D:7      | Noticed Maggie
  7533 | D:7      | Killed Maggie
  8414 | D:8      | You fall into a shaft and drop 1 floor!
  8437 | D:8      | Found a sacrificial altar of Ru.
  8520 | D:8      | Reached XP level 10. HP: 59/59 MP: 14/19
  8747 | D:8      | Found a hazy altar of Hepliaklqana.
  8962 | D:8      | You fall into a shaft and drop 1 floor!
  8991 | D:9      | Noticed Grum
  9107 | D:8      | Found a white marble altar of Elyvilon.
  9107 | D:8      | Found a shattered altar of Ashenzari.
  9149 | D:8      | Found Rischin's Antique Weapon Shoppe.
  9548 | D:9      | Reached skill level 10 in Fire Magic
  9698 | D:9      | Killed Grum
  9698 | D:9      | Offered knowledge of Frozen Ramparts by Vehumet.
  9741 | D:9      | Reached skill level 10 in Conjurations
 10384 | D:10     | Entered Level 10 of the Dungeon
 10670 | D:10     | Killed an unseen horror
 10670 | D:10     | Reached skill level 10 in Dodging
 10754 | D:10     | Reached *** piety under Vehumet
 10835 | D:10     | Noticed a gargoyle
 10953 | D:10     | Paralysed by a hornet for 3 turns
 11137 | D:10     | Offered knowledge of Hailstorm by Vehumet.
 11137 | D:10     | Reached XP level 11. HP: 63/63 MP: 16/23
 11393 | D:10     | Noticed Josephine
 11398 | D:10     | Killed Josephine
 11398 | D:10     | Reached skill level 5 in Stealth
 11490 | D:10     | Found a staircase to the Lair.
 11634 | D:10     | Noticed a two-headed ogre
 11652 | D:10     | Killed a two-headed ogre
 11686 | D:10     | Noticed Nergalle
 11690 | D:10     | Killed Nergalle
 11690 | D:10     | Reached skill level 1 in Armour
 11942 | Lair:1   | Entered Level 1 of the Lair of Beasts
 12042 | Lair:1   | Reached **** piety under Vehumet
 12548 | Lair:1   | Offered knowledge of Ignite Poison by Vehumet.
 12548 | Lair:1   | Reached skill level 5 in Armour
 12959 | Lair:1   | Reached XP level 12. HP: 72/72 MP: 14/24
 13628 | Lair:2   | Found a hide-covered altar of Uskayaw.
 14040 | Lair:2   | Reached ***** piety under Vehumet
 14256 | Lair:2   | Offered knowledge of Irradiate by Vehumet.
 14263 | Lair:2   | Learned a level 5 spell: Irradiate
 14791 | Lair:2   | Reached skill level 10 in Fighting
 15107 | Lair:2   | Learned a level 3 spell: Mephitic Cloud
 16606 | Lair:4   | Noticed a death yak
 16666 | Lair:4   | Found a staircase to the Swamp.
 16803 | Lair:4   | Reached XP level 13. HP: 82/82 MP: 8/25
 17044 | Lair:4   | Found a hole to the Spider Nest.
 18948 | Lair:5   | Found a staircase to the Slime Pits.
 19496 | Lair:6   | Entered Level 6 of the Lair of Beasts
 19875 | Lair:6   | Offered knowledge of Iron Shot by Vehumet.
 19875 | Lair:6   | Reached XP level 14. HP: 74/91 MP: 29/29
 19897 | Lair:6   | Learned a level 6 spell: Iron Shot
 20039 | Lair:6   | Reached skill level 1 in Earth Magic
 20813 | Lair:6   | Reached skill level 5 in Earth Magic
 21245 | Lair:6   | Got a slimy helmet
 21251 | Lair:6   | Identified the cursed -1 helmet "Eshahos" {Harm +Fly MR+
                  | Regen+} (You found it on level 6 of the Lair of Beasts)
 22348 | D:11     | Got a pitted arbalest
 22368 | D:11     | Found Cail's Assorted Antiques.
 22373 | D:11     | Bought a paperback book for 510 gold pieces
 22373 | D:11     | Bought a transparent cloak for 323 gold pieces
 22600 | D:11     | Found a staircase to the Orcish Mines.
 22687 | D:11     | Noticed Sonja
 22692 | D:11     | Killed Sonja
 23353 | Orc:1    | Entered Level 1 of the Orcish Mines
 23535 | Orc:1    | Found Binibiza's Magic Scroll Shop.
 23582 | Orc:1    | Found Xasyihy's Weapon Emporium.
 23625 | Orc:1    | Bought a scroll of identify for 26 gold pieces
 23625 | Orc:1    | Bought a scroll of blinking for 97 gold pieces
 23625 | Orc:1    | Bought a scroll of fear for 45 gold pieces
 23628 | Orc:1    | Bought a scroll of identify for 26 gold pieces
 23641 | Orc:1    | Identified the cursed +0 cloak "Fouxtaes" {rC+} (You bought
                  | it in a shop on level 11 of the Dungeon)
 23649 | Orc:1    | Identified the +10 arbalest "Raggyim" {freeze, rN+ Int+2
                  | Dex+5 Stlth+} (You found it on level 11 of the Dungeon)
 23665 | Orc:1    | Noticed an orc warlord
 23725 | Orc:1    | Found Nixiopsu's Antique Weapon Shoppe.
 23739 | Orc:1    | Killed an orc warlord
 23949 | Orc:2    | Entered Level 2 of the Orcish Mines
 24117 | Orc:2    | Found Nagehal's Antique Weapon Emporium.
 24202 | Orc:2    | Offered knowledge of Spellforged Servitor by Vehumet.
 24236 | Orc:2    | Noticed a stone giant
 24241 | Orc:2    | Killed a stone giant
 24374 | Orc:2    | Found Fusohyrph's Armour Boutique.
 24394 | Orc:2    | Reached skill level 10 in Spellcasting
 24452 | Orc:2    | Found a staircase to the Elven Halls.
 24456 | Orc:2    | Found Jiyrytacw's Weapon Shop.
 24479 | Orc:2    | Found Vikiba's Armour Emporium.
 24584 | Orc:2    | Learned a level 5 spell: Lee's Rapid Deconstruction
 24586 | Orc:2    | Reached skill level 10 in Earth Magic
 24654 | Orc:1    | Noticed Maurice
 24662 | Orc:1    | Killed Maurice
 24723 | Orc:1    | Found Nyises's Jewellery Boutique.
 24979 | Orc:2    | Found Aqotooma's Jewellery Emporium.
 24979 | Orc:2    | Found Koroc's Gadget Emporium.
 24981 | Orc:2    | Found Dokiji's Assorted Antiques.
 24981 | Orc:2    | Found Fomua's Food Boutique.
 25088 | Orc:1    | Bought the ring "Irici Zausu" {*Corrode MP+9 Dex+7} for 541
                  | gold pieces
 25141 | Orc:2    | Bought a leatherbound book for 330 gold pieces
 25141 | Orc:2    | Bought a scroll of identify for 44 gold pieces
 25141 | Orc:2    | Bought a scroll labeled CEMIENTUINU for 22 gold pieces
 25614 | D:12     | You fall into a shaft and drop 3 floors!
 25614 | D:15     | Entered Level 15 of the Dungeon
 25633 | D:15     | Reached XP level 15. HP: 96/96 MP: 31/31
 25987 | D:14     | Noticed Jorgrun
 26111 | D:13     | Offered knowledge of Bolt of Magma by Vehumet.
 27719 | D:14     | Killed Jorgrun
 28022 | D:14     | Found a gate to the Vaults.
 30326 | D:15     | Found a staircase to the Depths.
 30589 | Swamp:1  | Entered Level 1 of the Swamp
 30589 | Swamp:1  | Noticed a thorn hunter
 30593 | Swamp:1  | Killed a thorn hunter
 30593 | Swamp:1  | Offered knowledge of Starburst by Vehumet.
 30804 | Swamp:1  | Noticed Kirke
 30811 | Swamp:1  | Killed Kirke
 31128 | Swamp:1  | Got a faintly humming leather armour
 31517 | Swamp:1  | Identified the +4 leather armour "Wog Miaw" {Str+4 Int+4
                  | Dex+3} (You found it on level 1 of the Swamp)
 31691 | Swamp:2  | Reached XP level 16. HP: 101/101 MP: 12/32
 32158 | Swamp:2  | Reached skill level 1 in Shields
 32892 | Swamp:3  | Noticed a thorn hunter
 32896 | Swamp:3  | Killed a thorn hunter
 32911 | Swamp:3  | Noticed a thorn hunter
 33138 | Swamp:3  | Reached skill level 5 in Shields
 33312 | Swamp:3  | Learned a level 6 spell: Starburst
 33370 | Swamp:3  | Killed a thorn hunter
 33702 | Swamp:4  | Entered Level 4 of the Swamp
 33756 | Swamp:4  | Reached ****** piety under Vehumet
 33756 | Swamp:4  | Offered knowledge of Iskenderun's Battlesphere by Vehumet.
 33931 | Swamp:3  | Learned a level 5 spell: Iskenderun's Battlesphere
 34825 | Swamp:4  | Reached skill level 15 in Fire Magic
 35303 | Swamp:4  | Identified Roxanne's Catalogue of Changing
 35303 | Swamp:4  | Noticed Roxanne
 35391 | Swamp:4  | Got a decaying rune of Zot
 35434 | Swamp:4  | Killed Roxanne
 35753 | Spider:1 | Entered Level 1 of the Spider Nest
 35910 | Spider:1 | Reached XP level 17. HP: 41/106 MP: 10/35
 36036 | Spider:1 | Offered knowledge of Ignition by Vehumet.
 36112 | Spider:1 | Learned a level 8 spell: Ignition
 36458 | Spider:1 | Got a faintly glowing war axe
 36581 | Spider:1 | Identified the +9 war axe of Charity {pain, rF+ Str-5
                  | Int+4} (You found it on level 1 of the Spider Nest)
 36677 | Spider:1 | Found a runed translucent door.
 36678 | Spider:1 | Noticed Farlane's ghost (journeyman DDBe)
 38018 | Spider:2 | Offered knowledge of Shatter by Vehumet.
 38018 | Spider:2 | Offered knowledge of Tornado by Vehumet.
 39518 | Spider:3 | Got a brightly glowing dagger
 39518 | Spider:3 | Identified the +6 dagger of Suqetzee {elec, +Rage Str+7}
                  | (You found it on level 3 of the Spider Nest)
 39964 | Spider:4 | Entered Level 4 of the Spider Nest
 40386 | Spider:4 | Reached skill level 15 in Spellcasting
 41435 | Spider:4 | Reached XP level 18. HP: 112/112 MP: 39/39
 42485 | Spider:4 | Got a gossamer rune of Zot
 42929 | Vaults:1 | Entered Level 1 of the Vaults
 45013 | Vaults:2 | Reached XP level 19. HP: 122/122 MP: 19/40
 45443 | Vaults:2 | Reached skill level 15 in Fighting
 45798 | Vaults:2 | Found Hepe's Magic Scroll Boutique.
 45838 | Vaults:2 | Bought 2 scrolls of amnesia for 112 gold pieces
 45838 | Vaults:2 | Bought 2 scrolls of identify for 64 gold pieces
 45838 | Vaults:2 | Bought a scroll of identify for 32 gold pieces
 45838 | Vaults:2 | Bought a scroll of identify for 32 gold pieces
 46455 | Vaults:2 | Found a staircase to the Crypt.
 46567 | Vaults:2 | Noticed Saint Roka
 46575 | Vaults:2 | Killed Saint Roka
 46575 | Vaults:2 | Reached skill level 15 in Dodging
 47311 | Vaults:3 | Noticed Aizul
 47320 | Vaults:3 | Killed Aizul
 48012 | Vaults:3 | Got a translucent scale mail
 48016 | Vaults:3 | Identified the +3 scale mail "Yvve" {rElec Int-5 Dex+2}
                  | (You found it on level 3 of the Vaults)
 48346 | Vaults:3 | Reached XP level 20. HP: 129/129 MP: 41/41
 48788 | Vaults:3 | Identified the +7 rapier of Reutev {antimagic, Str-4 Int+3
                  | Dex+2 SInv}
 51345 | Elf:1    | Entered Level 1 of the Elven Halls
 51531 | Elf:1    | Identified the Tome of Attacks
 52402 | Elf:2    | Found Wiami's General Store.
 52406 | Elf:2    | Reached skill level 15 in Earth Magic
 52462 | Elf:2    | Bought a potion of resistance for 120 gold pieces
 52620 | Elf:2    | Reached XP level 21. HP: 134/134 MP: 17/42
 52750 | Elf:2    | Found Saub's General Store.
 52805 | Elf:2    | Found Tutwamp's Gadget Emporium.
 53040 | Elf:2    | Found Lyshest's Antique Armour Boutique.
 53093 | Elf:2    | Found Piekhliza's General Store.
 53250 | Elf:3    | Entered Level 3 of the Elven Halls
 53284 | Elf:3    | Found a magical portal.
 53289 | WizLab   | Entered The Hall of the Hellbinder
 53300 | WizLab   | Learned a level 6 spell: Statue Form
 53311 | WizLab   | Reached skill level 1 in Transmutations
 53679 | WizLab   | Identified the Tome of the Entourage
 53757 | WizLab   | Found a burning altar of Makhleb.
 53836 | WizLab   | Noticed Heky
 53846 | WizLab   | Reached skill level 5 in Transmutations
 53850 | WizLab   | Killed Heky the Hellbinder
 53878 | WizLab   | Identified the Incunabulum of the Escort
 53925 | WizLab   | Identified the cursed +2 demon whip of the Extremely Mad
                  | {vorpal, rPois rF++ rN+ Int-2} (You found it in a wizard's
                  | laboratory)
 53927 | WizLab   | Identified the +3 morningstar "Widowermaker" {protect, MR+}
                  | (You found it in a wizard's laboratory)
 54055 | Elf:3    | Noticed Nikola
 54061 | Elf:3    | Killed Nikola
 54061 | Elf:3    | Reached skill level 15 in Conjurations
 55118 | Elf:3    | Identified the amulet of Suicidal Tendencies {+Blink +Fly
                  | MR- Regen+}
 55339 | Elf:3    | Identified the cursed +1 leather armour "Suosur" {Int+4
                  | Dex+2}
 55743 | Elf:3    | Identified the ring of Bodily Harmony {rCorr Str+6 Int+2
                  | Dex-5}
 55872 | Elf:3    | Identified the ring of Plog {MR+ EV+4}
 55954 | Elf:3    | Reached XP level 22. HP: 144/144 MP: 43/43
 56062 | Elf:3    | Found the +3 hat of Pondering {ponderous, MR+ MP+10 Int+5}
 56119 | Elf:3    | Identified the amulet "Fais" {Inacc rPois} (You found it on
                  | level 3 of the Elven Halls)
 56619 | Depths:1 | Entered Level 1 of the Depths
 56927 | Depths:1 | Identified a scroll of acquirement
 57315 | Depths:1 | Found a gateway to Hell.
 57454 | Depths:1 | Found a one-way gate leading to the halls of Pandemonium.
 58129 | Depths:2 | Noticed a caustic shrike
 58244 | Depths:2 | Reached skill level 1 in Evocations
 59272 | Depths:2 | Reached skill level 5 in Evocations
 59820 | Depths:2 | Identified the +5 scale mail of Xitsop {rElec} (You found
                  | it on level 2 of the Depths)
 59915 | Depths:2 | Killed a caustic shrike
 59973 | Depths:2 | Found a one-way gate to the infinite horrors of the Abyss.
 60459 | Depths:3 | Noticed the Enchantress
 60473 | Depths:3 | Killed the Enchantress
 60473 | Depths:3 | Reached skill level 10 in Evocations
 60755 | Depths:3 | Acquired a book of Fire
 60811 | Depths:3 | Reached XP level 23. HP: 149/149 MP: 43/44
 60920 | Depths:3 | Noticed a caustic shrike
 60949 | Depths:3 | Killed a caustic shrike
 61013 | Depths:3 | Found Itrooves's Food Shoppe.
 61298 | Depths:3 | Noticed Frederick
 61301 | Depths:3 | Killed Frederick
 61692 | Depths:3 | Reached skill level 10 in Armour
 63004 | Depths:4 | Identified the +1 shortbow "Raghules" {flame, Int+5 Stlth-}
 64039 | Depths:4 | Reached XP level 24. HP: 156/156 MP: 44/44
 64076 | Depths:4 | Noticed a juggernaut
 64083 | Depths:4 | Killed a juggernaut
 64361 | Depths:5 | Entered Level 5 of the Depths
 64979 | Depths:5 | Found a gate to the Realm of Zot.
 65461 | Depths:5 | Identified the +10 quarterstaff "Murmur" {vorpal, rC+
                  | Int+4}
 65820 | Depths:5 | Found Ubresuff's Magic Scroll Shop.
 65870 | Depths:5 | Found a gateway to a ziggurat.
 66067 | Depths:5 | Found Atiacoss's Jewellery Emporium.
 66067 | Depths:5 | Found Aqimpua's Gadget Shop.
 66068 | Depths:5 | Found Ileid's Gadget Shop.
 66256 | Depths:5 | Learned a level 9 spell: Shatter
 66535 | Lair:1   | Acquired the ring "Saupuikh" {rPois rN+ MR++ Str+2}
 66718 | Slime:1  | Entered Level 1 of the Pits of Slime
 66953 | Slime:2  | Noticed Dissolution
 66957 | Slime:2  | Killed Dissolution
 67214 | Slime:3  | Reached XP level 25. HP: 160/160 MP: 46/46
 67426 | Slime:3  | You fall into a shaft and drop 1 floor!
 68334 | Slime:5  | Entered Level 5 of the Pits of Slime
 68363 | Slime:5  | Noticed the Royal Jelly
 68454 | Slime:5  | Killed the Royal Jelly
 68460 | Slime:5  | Gained mutation: Your spells are a little easier to cast,
                  | but a little less powerful. [a shining eye]
 68549 | Slime:5  | Found the ring of Phasing {EV+8}
 68625 | Slime:5  | Identified Nomp's Grimoire of the Traveller and Cold
 68635 | Slime:5  | Got a slimy rune of Zot
 68656 | Slime:5  | Identified the Catalogue of Changing and Bewitchment
 68663 | Slime:5  | Got a scorched amethyst amulet
 68693 | Slime:5  | Identified the amulet of Finality {RegenMP Stlth+} (You
                  | found it on level 5 of the Pits of Slime)
 69272 | Vaults:5 | Entered Level 5 of the Vaults
 70390 | Vaults:5 | Reached skill level 15 in Armour
 70397 | Vaults:4 | Reached XP level 26. HP: 58/166 MP: 46/46
 70735 | Vaults:5 | Identified the ring "Trusted Companion" {Dex+7 SInv}
 70902 | Vaults:5 | Acquired a scarf of resistance
 71079 | Vaults:5 | Identified the +1 robe "Hamup" {rC+} (You found it on level
                  | 5 of the Vaults)
 71109 | Vaults:5 | Got a translucent plate armour
 71341 | Vaults:5 | Got a silver rune of Zot
 71715 | Vaults:5 | Learned a level 1 spell: Apportation
 71974 | Depths:2 | Identified the +7 plate armour of Prudence {rN+ Regen+
                  | rCorr Int-5} (You found it on level 5 of the Vaults)
 71986 | Depths:2 | Voluntarily entered the Abyss.
 72132 | Abyss:1  | Found a huge runed translucent gate.
 72132 | Abyss:1  | Found a huge runed translucent gate.
 72133 | Abyss:1  | Found a huge runed translucent gate.
 72141 | Abyss:1  | Found a huge runed translucent gate.
 72141 | Abyss:1  | Found a huge runed translucent gate.
 72207 | Abyss:1  | Got a crystal broad axe
 72417 | Abyss:1  | Noticed an ancient lich
 72464 | Depths:2 | Escaped the Abyss
 72537 | Hell     | Entered the Vestibule of Hell
 72537 | Hell     | Noticed Geryon
 73142 | Hell     | Noticed Murray
 73146 | Hell     | Killed Murray
 73888 | Hell     | Killed Geryon
 73982 | Hell     | Found a gateway to the decaying netherworld of Tartarus.
 74023 | Hell     | Found a gateway to the freezing wastes of Cocytus.
 74100 | Hell     | Found a gateway to the Iron City of Dis.
 74197 | Hell     | Found a gateway to the ashen valley of Gehenna.
 74352 | Dis:1    | Entered Level 1 of the Iron City of Dis
 74558 | Dis:2    | Identified the cursed +0 broad axe "Noeggav" {protect,
                  | rPois Str-5 Int+2} (You found it on level 1 of the Abyss)
 74562 | Dis:2    | Got a smoking dagger
 74563 | Dis:2    | Identified the +5 dagger of the Howling Dove {flame, rF+
                  | MP+9 Dex-2} (You found it on level 2 of the Iron City of
                  | Dis)
 74804 | Dis:2    | You fall into a shaft and drop 1 floor!
 74913 | Dis:3    | Reached XP level 27. HP: 36/177 MP: 22/46
 75209 | Dis:4    | Found a huge runed gate.
 75209 | Dis:4    | Found a huge runed gate.
 75209 | Dis:4    | Found a huge runed gate.
 75210 | Dis:4    | Found a huge runed gate.
 75210 | Dis:4    | Found a huge runed gate.
 75210 | Dis:4    | Found a huge runed gate.
 75210 | Dis:4    | Found a huge runed gate.
 76563 | Dis:7    | Entered Level 7 of the Iron City of Dis
 78699 | Dis:7    | Learned a level 9 spell: Fire Storm
 78707 | Dis:7    | Identified the ring of Xiddeob {rF+ MR+} (You found it on
                  | level 7 of the Iron City of Dis)
 78868 | Dis:7    | Gained mutation: You occasionally shout uncontrollably at
                  | your foes. [a cacodemon]
 78875 | Dis:7    | Gained mutation: Your natural rate of healing is unusually
                  | fast. [a cacodemon]
 79072 | Dis:7    | Identified the Disquisition on Hurtful Earth
 79277 | Dis:7    | Got an iron rune of Zot
 79304 | Dis:7    | Identified the +4 staff of Dispater
 79304 | Dis:7    | Noticed Dispater
 79589 | Zot:1    | Entered Level 1 of the Realm of Zot
 80185 | Zot:1    | Noticed an orb of fire
 80196 | Zot:1    | Killed an orb of fire
 80858 | Zot:3    | Identified the +6 morningstar of Distraction {vamp, +Inv
                  | rC+}
 81671 | Zot:5    | Entered Level 5 of the Realm of Zot
 82253 | Zot:5    | Noticed an ancient lich
 82257 | Zot:5    | Killed an ancient lich
 82448 | Zot:5    | Noticed an orb of fire
 82468 | Zot:5    | Gained mutation: You are clumsy. (Dex -2) [an orb of fire]
 82470 | Zot:5    | Killed an orb of fire
 82550 | Zot:5    | Noticed an orb of fire
 82553 | Zot:5    | Gained mutation: Your body sometimes deteriorates upon
                  | taking damage. [an orb of fire]
 82554 | Zot:5    | Gained mutation: Your magical capacity is low. (-10% MP)
                  | [an orb of fire]
 82554 | Zot:5    | Gained mutation: You are weak. (Str -2) [an orb of fire]
 82557 | Zot:5    | Killed an orb of fire
 82639 | Zot:5    | Lost mutation: Your magical capacity is low. (-10% MP)
                  | [potion of mutation]
 82639 | Zot:5    | Lost mutation: Your spells are a little easier to cast, but
                  | a little less powerful. [potion of mutation]
 82639 | Zot:5    | Gained mutation: You have a pair of small antennae on your
                  | head. [potion of mutation]
 82639 | Zot:5    | Gained mutation: Scrolls take you a little longer to read.
                  | [potion of mutation]
 82639 | Zot:5    | Gained mutation: You have a pair of antennae on your head.
                  | [potion of mutation]
 82640 | Zot:5    | Lost mutation: Scrolls take you a little longer to read.
                  | [potion of mutation]
 82640 | Zot:5    | Lost mutation: You are clumsy. (Dex -2) [potion of
                  | mutation]
 82640 | Zot:5    | Lost mutation: You are weak. (Str -2) [potion of mutation]
 82640 | Zot:5    | Lost mutation: Your body sometimes deteriorates upon taking
                  | damage. [potion of mutation]
 82640 | Zot:5    | Gained mutation: You passively map a small area around you.
                  | [potion of mutation]
 82640 | Zot:5    | Gained mutation: You have large cloven feet. [potion of
                  | mutation]
 82691 | Zot:5    | Noticed an orb of fire
 82696 | Zot:5    | Killed an orb of fire
 82696 | Zot:5    | Noticed an ancient lich
 82698 | Zot:5    | Noticed an orb of fire
 82700 | Zot:5    | Gained mutation: You are clumsy. (Dex -2) [an orb of fire]
 82703 | Zot:5    | Killed an orb of fire
 82705 | Zot:5    | Killed an ancient lich
 82767 | Zot:5    | Noticed an ancient lich
 82773 | Zot:5    | Killed an ancient lich
 82869 | Zot:5    | Noticed an orb of fire
 82875 | Zot:5    | Killed an orb of fire
 82958 | Zot:5    | Noticed an orb of fire
 82962 | Zot:5    | Noticed an ancient lich
 82990 | Zot:5    | Annihilated by an Orb Guardian

Illustrated notes

Levels and vault maps discovered:
D:1:      sevenhm_arrival_forest_fort_large_2, layout_basic
D:2:      layout_rooms, nicolae_overflow_hidden_temple,
          chequers_ecumenical_altar_simple
D:3:      layout_loops_ring
D:4:      layout_cave_pools, minmay_temple_entry_proselytizer, chequers_jeans,
          uniq_eustachio, uniq_blork_the_orc
D:5:      layout_loops_ring, kennysheep_mini_moat, serial_shops, shop,
          first_ration, serial_undead, serial_undead_c, serial_undead_c,
          serial_undead_a, serial_undead_a, serial_undead_d,
          okawaru_ov_weapons_minmay, uniq_ijyb
D:6:      layout_cave_pools, kennysheep_little_box, nemelex_dance_club_becter
D:7:      layout_loops_corners, old_standard_altar, uniq_harold, uniq_maggie
D:8:      layout_basic, amethyst_overflow_temple_binary,
          lemuel_coloured_pillars_altar, serial_shops, shop,
          nicolae_ru_sacrificial_ziggurat
D:9:      layout_irregular_city, hangedman_pestilent_swarm, uniq_grum
D:10:     layout_basic, lair_entry_dummy, kennysheep_kite_vault, uniq_josephine,
          uniq_nergalle
D:11:     layout_loops_corners, minmay_orc_entry_guard_dogs, serial_shops, shop,
          uniq_sonja
D:12:     layout_loops_cross, portal_ice_cave_entry_animals_and_master,
          minmay_crystal_room
D:13:     cheibrodos_lost_city_excavation, layout_rooms
D:14:     layout_long_grid, david_vaults_2, grunt_decor_resistance,
          minivault_10, uniq_jorgrun
D:15:     grunt_enter_depths_hoard, layout_long_grid, patterned_corridor,
          nooodl_orcs_dogs
Temple:   regret_index_temple_generic_petals
Lair:1:   layout_hall_layers, beast_lair_carwin_9, grunt_megastairs_4,
          lemuel_fruit_tree
Lair:2:   layout_gridlike, basic_altar, beast_lair_carwin_6, grunt_megastairs_2
Lair:3:   layout_concentric_octagons, infiniplex_staircase_pool_2,
          grunt_megastairs_3, lemuel_fruit_fields, lemuel_fruit_fields,
          serial_bayou_shore_b, serial_bayou_shore_a
Lair:4:   layout_roguey, swamp_mist, spider_nest_entry_rubble,
          minmay_lair_oklob_chamber
Lair:5:   layout_big_grid, dpeg_slime_entry_corner, pond
Lair:6:   grunt_lair_end_beastmaster, layout_loops_ring, grunt_megastairs_1
Swamp:1:  layout_basic_swamp, evilmike_swamp_ruin_rubble_1, uniq_kirke
Swamp:2:  layout_basic_swamp, evilmike_swamp_ruin_house_3, worms_lemuel
Swamp:3:  layout_falls_marsh, evilmike_swamp_ruin_house_1, swamp_pool2
Swamp:4:  swamp, layout_basic_swamp, swamp_pool1, uniq_roxanne
Spider:1: layout_spider_delve, ebering_ghost_inner_flame, guppyfry_spider_mini_2
Spider:2: layout_spider_delve
Spider:3: layout_chambers, nicolae_spider_cling_halls
Spider:4: grunt_spider_rune_circles
Slime:1:  layout_caves, cheibrodos_slime_lost_civilization_6
Slime:2:  layout_caves, dissolution_awaits
Slime:3:  layout_caves
Slime:4:  layout_caves
Slime:5
Orc:1:    layout_caves, serial_shops, shop, nicolae_shop_waterfront, shop, shop,
          uniq_maurice
Orc:2:    st_orc_elflike, layout_caves, serial_shops, nicolae_shop_waterfront,
          nicolae_shop_trees, shop_fountains, shop
Elf:1:    minmay_elf_arrival_circle, layout_geoelf_octagon,
          minmay_elf_annihilation, minivault_8
Elf:2:    layout_geoelf_octagon, serial_shops, shop, shop, shop, shop,
          nicolae_shop_trees
Elf:3:    grunt_elf_hall_asides, layout_geoelf_grid,
          infiniplex_enter_wizlab_spiral, uniq_nikola
Vaults:1: vaults_room_grunt_arrival_ludios, ontoclasm_vaults_decontamination,
          nicolae_vaults_gold_heap, hangedman_vaults_restitches, v_misc_8,
          hangedman_vaults_slice, grunt_vaults_trifunnel,
          grunt_vaults_hallway_short, v_rooms_5, v_misc_30,
          layout_vaults_maze_snakey
Vaults:2: nicolae_vaults_little_squares_6, vaults_room_pool,
          nicolae_vaults_big_ls, hangedman_vaults_variations,
          vaults_mumra_chevron, v_misc_27, nicolae_vaults_meeting,
          minmay_crypt_entry_simple_round, vaults_room_hallway,
          vaults_dpeg_ring, v_misc_29, layout_vaults_omnigrid, serial_shops,
          shop_coins, uniq_saint_roka
Vaults:3: hangedman_vaults_maws, ontoclasm_vaults_chip, vaults_dpeg_diagonal,
          vaults_dpeg_doors, ontoclasm_vaults_twist, v_misc_25, st_octagons_2,
          nicolae_vaults_stairing_the_circle, vaults_room_large_hall,
          vaults_room_fours, layout_vaults_chaotic_city, uniq_aizul
Vaults:4: nicolae_vaults_ninety_degrees, ontoclasm_vaults_hangar,
          hangedman_vaults_restitches, hangedman_vaults_nails, v_pattern_4,
          hangedman_vaults_stream, v_misc_25, nicolae_vaults_triangles,
          vaults_dpeg_hooks, layout_vaults_omnibox
Vaults:5
Depths:1: layout_big_octagon, grunt_pan_entry_in_and_out,
          pf_hell_entry_great_geh, minmay_fractal_squares_diagonal_5
Depths:2: minmay_inside_and_out, layout_long_grid, abyss_entry_crystal,
          hellmouth_1, serial_sigils_hangedman_snap, nrook_mini_backslash,
          corexii_hall_statues_l, minmay_staircase_windowed_small,
          serial_bayou_shore_b
Depths:3: minmay_the_grid_3x3 [minmay_the_grid_stretched_grid,
          minmay_the_grid_aliased_spiral, minmay_the_grid_eight,
          minmay_the_grid_rooms, minmay_the_grid_all_tris,
          minmay_the_grid_outer_diamond, minmay_the_grid_paths,
          minmay_the_grid_broken_lines, minmay_the_grid_prize_inner_circle],
          layout_twisted_cross, minmay_crystal_water, hell_entry, serial_shops,
          shop, rand_demon_pan_entry_1, grunt_ministairs_4,
          infiniplex_staircase_star, uniq_frederick, uniq_enchantress
Depths:4: nooodl_heptagram, layout_gridlike, chequers_decorated_corner,
          abyss_entry, hell_entry, grunt_pan_entry_sceptre, uniq_margery
Depths:5: grunt_x_marks_the_spot, layout_cave_shapes, enter_ziggurat_a,
          hell_entry, pan_entry, serial_shops, shop, lightli_fourway_metalbox,
          serial_bayou_shore_b, minmay_shop_grove
Hell
Dis:1:    layout_subdivisions
Dis:2:    layout_regular_city, hangedman_player_shredder
Dis:3:    layout_regular_city
Dis:4:    layout_regular_city, not_door_vault_due
Dis:5:    layout_regular_city
Dis:6:    layout_subdivisions
Dis:7:    dis_hangedman
Zot:1:    grunt_zot_stairs_mandelzot, layout_basic, st_stairs_11
Zot:2:    layout_misc_corridors
Zot:3:    nicolae_moth_party, layout_misc_corridors
Zot:4:    layout_gridlike, st_single_dragon_hoard_4
Zot:5:    layout_gridlike, skrybe_zot_glass_3

Skill      XL: |  1  2  3  4  5  6  7  8  9 10 11 12 13 14 15 16 17 18 19 20 21 22 23 24 25 26 27 |
---------------+----------------------------------------------------------------------------------+-----
Conjurations   | 2 3 4 5 6 8 10 12 14 15 25 | 25.2
Fire Magic     | 4 5 6 9 10 13 16 18 19 20 25 | 25.1
Spellcasting   | 4 5 7 9 10 12 15 17 | 17.0
Dodging        | 4 5 6 10 12 13 16 18 20 | 20.0
Stealth        | 4 7 |  7.0
Fighting       | 5 7 10 11 12 14 15 16 17 19 20 | 20.2
Armour         | 5 7 10 15 | 15.0
Earth Magic    | 10 15 16 19 22 24 | 24.0
Shields        | 5 |  5.0
Transmutations | 5 |  5.0
Evocations     | 10 | 10.0

Action                   |  1- 3 |  4- 6 |  7- 9 | 10-12 | 13-15 | 16-18 | 19-21 | 22-24 | 25-27 || total
-------------------------+-------+-------+-------+-------+-------+-------+-------+-------+-------++-------
Melee: Unarmed           |     5 |       |       |       |       |     1 |       |       |     1 ||     7
       Dagger            |    12 |    13 |    64 |       |       |       |       |    54 |   100 ||   243
       Whip              |       |       |    16 |    48 |   203 |       |       |       |       ||   267
       Staff             |       |       |       |    24 |    94 |    44 |    25 |     4 |    42 ||   233
Throw: Stone             |     2 |    17 |    32 |     2 |       |       |       |       |       ||    53
       Dart              |       |       |       |       |    54 |   122 |    47 |       |       ||   223
       Throwing net      |       |       |       |       |     1 |       |       |       |       ||     1
 Cast: Foxfire           |    52 |    47 |   193 |   427 |   485 |   248 |    82 |    41 |    22 ||  1597
       Magic Dart        |       |       |    23 |    20 |    10 |     1 |       |       |       ||    54
       Conjure Flame     |       |       |     7 |     4 |     8 |       |       |       |       ||    19
       Sticky Flame      |       |       |     4 |    68 |   143 |   116 |    34 |    20 |       ||   385
       Fireball          |       |       |       |    35 |    95 |   125 |    92 |    76 |    45 ||   468
       Mephitic Cloud    |       |       |       |     1 |     9 |     1 |       |       |       ||    11
       Irradiate         |       |       |       |       |     1 |    13 |     3 |     6 |     5 ||    28
       Iron Shot         |       |       |       |       |   100 |   214 |   223 |   420 |   724 ||  1681
       Lee's Rapid Decon |       |       |       |       |     9 |    47 |   100 |    78 |    42 ||   276
       Starburst         |       |       |       |       |       |    14 |       |     9 |     4 ||    27
       Iskenderun's Batt |       |       |       |       |       |     3 |       |       |       ||     3
       Ignition          |       |       |       |       |       |    10 |    44 |    57 |   101 ||   212
       Statue Form       |       |       |       |       |       |       |       |     1 |     2 ||     3
       Shatter           |       |       |       |       |       |       |       |       |   159 ||   159
       Fire Storm        |       |       |       |       |       |       |       |       |     2 ||     2
Evoke: Wand              |       |       |     3 |     9 |    41 |    29 |    18 |     8 |    16 ||   124
       Lightning rod     |       |       |       |       |       |     4 |     6 |     7 |     7 ||    24
       Staff of energy   |       |       |       |       |       |       |       |   168 |   230 ||   398
       Box of beasts     |       |       |       |       |       |       |       |       |     1 ||     1
  Use: Scroll            |     4 |     1 |     3 |     5 |    23 |    12 |     6 |    19 |    21 ||    94
       Potion            |       |     1 |       |     1 |       |     4 |     2 |     1 |    16 ||    25
 Stab: Sleeping          |     1 |     1 |       |       |     1 |       |       |       |     1 ||     4
       Distracted        |       |       |       |       |     1 |       |     1 |       |       ||     2
  Eat: Chunk             |     3 |     6 |    12 |    35 |    52 |    29 |    47 |    33 |    19 ||   236
       Ration            |       |       |     1 |     1 |    13 |    16 |     4 |     7 |    24 ||    66
Armor: Robe              |    13 |     3 |    12 |       |       |       |       |       |       ||    28
       Steam dragon scal |       |       |     2 |    43 |    92 |       |       |       |       ||   137
       Leather armour    |       |       |       |       |     1 |    88 |    17 |    27 |   102 ||   235
       Acid dragon scale |       |       |       |       |       |       |       |     4 |    23 ||    27
       Skin              |       |       |       |       |       |       |       |     1 |    19 ||    20
Dodge: Dodged            |    24 |    11 |    73 |   150 |   452 |   361 |   117 |   268 |   641 ||  2097
Block: Other             |       |       |    20 |    49 |   115 |    10 |       |       |       ||   194
       Reflection        |       |       |     1 |     1 |     7 |     8 |    35 |    47 |     2 ||   101
       Buckler           |       |       |       |       |       |   176 |    90 |   174 |   291 ||   731
